 Dungeon Crawl Stone Soup version 0.25-a0-942-g87a53962fc (webtiles) character file.

Game seed: 8898915378920664596, levelgen mode: deterministic

167 EnegeticOcto the Covered (level 5, -7/46 HPs)
             Began as a Minotaur Fighter on May 6, 2020.
             Killed by nerve-wracking pain
             ... invoked by a shadow imp
             ... summoned by Natasha
              (10 damage)
             ... on level 2 of the Dungeon.
             The game lasted 00:01:02 (1225 turns).

EnegeticOcto the Covered (Minotaur Fighter)         Turns: 1225, Time: 00:01:02

Health: -7/46      AC:  8    Str: 22    XL:     5   Next: 23%
Magic:  4/4        EV:  8    Int:  5    God:
Gold:   110        SH:  9    Dex:  9    Spells: 4/4 levels left

rFire    + . .     SeeInvis .   a - +0 war axe
rCold    + . .     Gourm    .   c - +0 kite shield
rNeg     . . .     Faith    .   b - +0 scale mail
rPois    +         Spirit   .   (helmet restricted)
rElec    +         Reflect  .   (no cloak)
rCorr    +         Harm     .   i - +0 pair of gloves
MR       .....                  (no boots)
Stlth    ..........             (no amulet)
HPRegen  0.15/turn              (no ring)
MPRegen  0.09/turn              (no ring)

@: resistant, slowed, very slow
A: retaliatory headbutt, horns 2
a: no special abilities


You were on level 2 of the Dungeon.
You were hungry.

You visited 1 branch of the dungeon, and saw 2 of its levels.

You collected 110 gold pieces.

Inventory:

Hand Weapons
 a - a +0 war axe (weapon)
Armour
 b - a +0 scale mail (worn)
 c - a +0 kite shield (worn)
 i - a +0 pair of gloves (worn)
Jewellery
 g - an uncursed amulet of magic regeneration {unknown}
 h - an uncursed ring of protection from fire {unknown}
Scrolls
 d - a scroll of random uselessness {unknown}
 f - a scroll of noise {unknown}
 l - a scroll of fog {unknown}
 m - a scroll of magic mapping {unknown}
 o - a scroll of teleportation {unknown}
 q - 2 scrolls of amnesia {unknown}
Potions
 j - a potion of flight {unknown}
 k - a potion of might {@q3}
Comestibles
 e - 6 rations
 n - 3 chunks of flesh


   Skills:
 + Level 4.3 Fighting
 * Level 4.3 Axes
 + Level 4.4 Armour
 + Level 2.1 Dodging
 + Level 4.3 Shields


You had 4 spell levels left.
You didn't know any spells.
Your spell library was empty.

Dungeon Overview and Level Annotations

Branches:
Dungeon (2/15)

Altars:
Kikubaaqudgha

Annotations:
D:2 Natasha


Innate Abilities, Weirdness & Mutations

You reflexively headbutt those who attack you in melee.
You have a pair of horns on your head.


Message History

No target in view!
You butcher the goblin corpse.
n - 7 chunks of flesh (gained 2)
You see here a goblin skeleton. x2
You see here a goblin skeleton.
You see here a hobgoblin skeleton.
Some of the chunks of flesh in your inventory have rotted away.
Found a faded altar of an unknown god.
There is a faded altar of an unknown god here.
An adder comes into view.
The adder hisses angrily.
You block the adder's attack.
An adder is nearby!
You closely miss the adder. The adder bites you but does no damage.
You slash the adder!
You kill the adder!
No target in view!
No target in view!
No target in view!
No target in view!
No target in view!
No target in view!
No target in view!
No target in view!
You butcher the adder corpse.
n - 3 chunks of flesh (gained 1)
You see here an adder skeleton. x2
You see here an adder skeleton.
There is a faded altar of an unknown god here.
Things that are here:
a +0 club; a +0 dagger
Things that are here:
a +0 club x2; a +0 dagger
Items here: ))))) [[ รท Natasha, Servant of Life and Death comes into view.
Natasha hisses angrily.
Natasha casts a spell.
There are monsters nearby!
There are monsters nearby!
Natasha hisses.
Natasha stares at you and mumbles some strange words.
You feel yourself slow down.
Natasha mumbles some strange words.
You completely miss Natasha. Your headbutt misses Natasha.
You completely miss the iron imp. Natasha claws you!
The iron imp grinds its teeth.
The iron imp hits you but does no damage.
Natasha mewls in sadness.
Natasha claws you!
You hit Natasha. You headbutt Natasha, but do no damage.
Natasha is lightly wounded.
You slash the iron imp! Natasha claws you but does no damage.
The iron imp hits you. You block Natasha's attack.
The iron imp closely misses you.
You slash the iron imp!
You kill the iron imp!
You closely miss Natasha.
You are feeling hungry.
Natasha casts a spell.
You block the shadow imp's attack. Natasha closely misses you.
You furiously retaliate!
You headbutt Natasha. You completely miss Natasha.
Your headbutt misses Natasha.
Natasha is heavily wounded.
You hit the shadow imp.
The shadow imp hits you but does no damage.
Natasha claws you but does no damage. The shadow imp hits you.
Natasha claws you!
You are too injured to fight recklessly!
You are too injured to fight recklessly!
You are too injured to fight recklessly!
You are too injured to fight recklessly!
You are too injured to fight recklessly!
You are too injured to fight recklessly!
You are too injured to fight recklessly!
You are too injured to fight recklessly!
You are too injured to fight recklessly!
You are too injured to fight recklessly!
You are too injured to fight recklessly!
You are too injured to fight recklessly!
There are monsters nearby!
Your shield prevents you from hitting Natasha.
Your headbutt misses Natasha.
Natasha is heavily wounded.
You hit the shadow imp but do no damage.
You barely miss the shadow imp. You block the shadow imp's attack.
Natasha casts a spell at you. The magic dart hits you.
The shadow imp gestures at you. Pain shoots through your body!
* * * LOW HITPOINT WARNING * * *
The shadow imp hits you.
* * * LOW HITPOINT WARNING * * *
Natasha barely misses you. The shadow imp hits you.
* * * LOW HITPOINT WARNING * * *
Okay, then.
It was a potion of resistance.
You feel protected. The shadow imp gestures at you.
Pain shoots through your body!
You die...

#..........##.....>.######
##..............(.........
#####........###..(..........
#.............##.......######
#.............##.......#
#..............#...>...#
#.........<)......######
#..........h5.###.#
#..).......5@####.##########
#.<.#......................##
#...#######........#######...
#... #.######...# #### ####
#.# #.#.######## #.#
#.#......... #.#
####..###...... .##
#.........##### # #####...###
#


You could see Natasha and 2 shadow imps.

Vanquished Creatures
  Natasha (D:2)
  Robin (D:2)
  4 adders (D:2)
  An ooze (D:2)
  2 worms (D:2)
  A dart slug (D:1)
  10 bats
  2 giant cockroaches (D:1)
  10 goblins
  10 hobgoblins
  14 jackals
  8 kobolds
  A quokka (D:2)
  3 ball pythons
  3 frilled lizards
  6 rats
77 creatures vanquished.

Notes
Turn   | Place    | Note
-------+----------+-------------------------------------------
     0 | D:1      | EnegeticOcto the Minotaur Fighter began the quest for the
                  | Orb.
     0 | D:1      | Reached XP level 1. HP: 19/19 MP: 0/0
    48 | D:1      | Reached XP level 2. HP: 25/27 MP: 1/1
   249 | D:1      | Reached skill level 1 in Dodging
   277 | D:1      | Reached XP level 3. HP: 31/33 MP: 2/2
   612 | D:2      | Found an ancient bone altar of Kikubaaqudgha.
   620 | D:2      | Reached XP level 4. HP: 40/40 MP: 3/3
   686 | D:2      | Noticed Natasha
   695 | D:2      | Noticed Robin
   703 | D:2      | Killed Natasha
   719 | D:2      | Killed Robin
   723 | D:2      | Reached XP level 5. HP: 29/46 MP: 4/4
  1103 | D:2      | Found a faded altar of an unknown god.
  1216 | D:2      | Noticed Natasha
  1225 | D:2      | Killed from afar by a shadow imp

Levels and vault maps discovered:
D:1:      dpeg_arrival_ternary, layout_rooms, dk_noncrumbling_3,
          lemuel_old_faithful
D:2:      layout_rooms, marbit_many_paths, nicolae_overflow_crystal_walls,
          chequers_ecumenical_altar_twisty, uniq_natasha, uniq_robin

Skill      XL: |  1  2  3  4  5 |
---------------+----------------+-----
Axes           | 3 4 |  4.3
Dodging        | 1 2 |  2.1
Armour         | 4 |  4.4
Shields        | 4 |  4.3
Fighting       | 4 |  4.3

Action                   |  1- 3 |  4- 6 || total
-------------------------+-------+-------++-------
Melee: War axe           |    89 |    80 ||   169
       Headbutt          |    12 |     5 ||    17
  Use: Potion            |       |     1 ||     1
  Eat: Chunk             |       |     1 ||     1
Armor: Scale mail        |    45 |    43 ||    88
Dodge: Dodged            |    34 |    34 ||    68
Block: Kite shield       |    67 |    49 ||   116

Table legend:
 A = Non-vault XP
 B = Vault XP
 C = Vault XP percentage of total XP
 D = Non-vault monster count
 E = Vault monster count
 F = Vault count percentage of total count
                 A         B        C        D         E       F
            +---------+---------+-------+---------+---------+-------
      Total |     174 |      65 |  27.2 |      68 |       9 |  11.7
            +---------+---------+-------+---------+---------+-------
        D:1 |      56 |       0 |   0.0 |      33 |       0 |   0.0
        D:2 |     118 |      65 |  35.5 |      35 |       9 |  20.5
            +---------+---------+-------+---------+---------+-------
